 Dungeon Crawl Stone Soup version 0.31-a0-774-g0d66cbabe8 (webtiles) character file.

Game seed: 2439933442904467357

14526 Conn the Destroyer (level 12, 0/79 HPs)
             Began as an Octopode Fire Elementalist on Sept 17, 2023.
             Was a Priest of Sif Muna.
             Slain by a six-headed hydra (14 damage)
             ... on level 11 of the Dungeon.
             The game lasted 00:47:31 (15173 turns).

Conn the Destroyer (Octopode Fire Elementalist)    Turns: 15173, Time: 00:47:31

Health: 0/79       AC:  3    Str: 13    XL:     12   Next: 17%
Magic:  1/24       EV: 17    Int: 23    God:    Sif Muna [***...]
Gold:   809        SH:  0    Dex: 18    Spells: 6/28 levels left

rFire   + . .        d - staff of fire
rCold   . . .        (no shield)
rNeg    . . .        D - +2 hat
rPois   .            R - amulet of regeneration
rElec   .            f - +6 ring of strength
rCorr   .            B - +6 ring of dexterity
SInv    .            (no ring)
Will    .....        (no ring)
Stlth   ++++         (no ring)
HPRegen 1.13/turn    (no ring)
MPRegen 0.19/turn    (no ring)
                     (no ring)

%: no passive effects
@: no status effects
A: almost no armour, amphibious, 8 rings, camouflage 1, gelatinous body 1,
(nimble swimmer 1), tentacles
a: Renounce Religion, Channel Magic, Forget Spell


You were on level 11 of the Dungeon.
You worshipped Sif Muna.
Sif Muna was most pleased with you.
You visited 2 branches of the dungeon, and saw 12 of its levels.
You also visited: Sewer and Bailey.

You collected 905 gold pieces.
You spent 96 gold pieces at shops.

Inventory:

Hand Weapons
 e - a +0 dagger
 v - a +5 short sword
 w - a +2 dagger of venom
 P - a +2 orcbow of flaming
Missiles
 b - 57 poisoned darts
 K - 2 curare-tipped darts (quivered)
Armour
 D - a +2 hat (worn)
Magical Staves
 d - a staff of fire (weapon)
 C - a staff of air
 F - a staff of conjuration
Jewellery
 f - a +6 ring of strength (left tentacle)
 B - a +6 ring of dexterity (right tentacle)
 R - an amulet of regeneration (around mantle)
Wands
 p - a wand of charming (7)
 H - a wand of mindburst (27)
 I - a wand of flame (33)
 J - a wand of polymorph (8)
 O - a wand of roots (8)
Scrolls
 c - 2 scrolls of noise
 g - 5 scrolls of teleportation
 j - 4 scrolls of fog
 k - 3 scrolls of amnesia
 l - a scroll of vulnerability
 n - 3 scrolls of enchant armour
 o - a scroll of poison
 r - 2 scrolls of immolation
 s - a scroll of silence
 y - a scroll of revelation
 M - a scroll of enchant weapon
 N - 2 scrolls of torment
Potions
 a - a potion of magic
 h - a potion of attraction
 i - 4 potions of heal wounds
 m - 5 potions of curing
 q - 4 potions of might {unknown}
 t - 3 potions of invisibility {unknown}
 u - 2 potions of resistance
 x - a potion of cancellation {unknown}
 z - 3 potions of mutation {unknown}
 A - a potion of lignification {unknown}
 E - 2 potions of brilliance {unknown}
 G - a potion of berserk rage {unknown}
 L - a potion of haste {unknown}


   Skills:
 + Level 6.1 Fighting
 + Level 7.1 Dodging
 - Level 5.0 Stealth
 * Level 8.6 Spellcasting
 * Level 9.1 Conjurations
 - Level 3.0 Hexes
 - Level 3.0 Summonings
 + Level 7.3 Fire Magic
 * Level 8.2 Invocations


You had 6 spell levels left.
You knew the following spells:

 Your Spells              Type           Power      Damage    Failure   Level
a - Foxfire               Conj/Fire      100%       2x1d9     1%          1
b - Scorch                Fire           100%       2d9       1%          2
c - Inner Flame           Hex/Fire       50%        N/A       2%          3
d - Flame Wave            Conj/Fire      64%        2d15      2%          4
e - Summon Small Mammal   Summ           92%        N/A       1%          1
f - Fireball              Conj/Fire      32%        3d14      6%          5
g - Starburst             Conj/Fire      32%        6d10      32%         6

Your spell library contained the following spells:

 Spells                   Type           Power      Damage    Failure   Level
 Kiss of Death            Conj/Necr      100%       2d13      1%          1
 Dazzling Flash           Conj/Hex       74%        N/A       1%          3
 Volatile Blastmotes      Fire/Tloc      80%        2d16      4%          3
 Confusing Touch          Hex            23%        N/A       6%          3
 Apportation              Tloc           18%        N/A       7%          1
 Necrotise                Necr           36%        1d5       7%          1
 Lesser Beckoning         Tloc           18%        N/A       10%         2
 Sublimation of Blood     Necr           9%         N/A       10%         2
 Wereblood                Tmut           9%         N/A       10%         2
 Cause Fear               Hex            11%        N/A       19%         4
 Gell's Gravitas          Tloc           9%         N/A       21%         3
 Teleport Other           Tloc           9%         N/A       21%         3
 Dispel Undead            Necr           9%         3d8       54%         4
 Summon Hydra             Summ           11%        N/A       100%        7
 Maxwell's Capacitive Co  Air            4%         ∞         100%        8
 Dragon's Call            Summ           11%        N/A       100%        9


Dungeon Overview and Level Annotations

Branches:
Dungeon (11/15)            Temple (1/1) D:6            Lair (0/5) D:11
    Orc (0/2) D:9           Sewer (visited)          Bailey (visited)

Altars:
Ashenzari
Cheibriados
Dithmenos
Elyvilon
Fedhas
Gozag
Hepliaklqana
Kikubaaqudgha
Makhleb
Nemelex Xobeh
Okawaru
Qazlal
Ru
Sif Muna
Trog
Uskayaw
Vehumet
Wu Jian
Xom
Yredelemnul
Zin
The Shining One

Shops:
D:4 =   D:8 !   D:9 [

Annotations:
D:10 1 runed translucent door, GreedOfGod's ghost, journeyman DsFE


Innate Abilities, Weirdness & Mutations

You cannot wear most types of armour.
You are amphibious.
You can wear up to eight rings at the same time.
Your skin changes colour to match your surroundings (Stealth+).
Your rubbery body absorbs attacks. (AC +1, EV +1)
((You are camouflaged when in or above water. (Stealth+)))
You have tentacles for arms and can constrict up to eight enemies at once.


Message History

The six-headed hydra closely misses you.
The six-headed hydra bites you.
The six-headed hydra bites you but does no damage.
The six-headed hydra barely misses you.
The cyclops struggles to escape constriction.
The two-headed ogre struggles to escape constriction.
The roots lose their grip on something.
The grasping roots constrict the cyclops.
The grasping roots constrict the six-headed hydra!
The roots release their grip on the cyclops.
The six-headed hydra struggles to escape constriction.
Casting: Fireball (dangerous; 6% risk of failure)
Confirm with . or Enter, or press ? or * to list all spells.
Aiming: Fireball (dangerous; 6% risk of failure)
Press: ? - help, Shift-Dir - straight line, f/p - six-headed hydra
Aim: a six-headed hydra (moderately wounded, constricted by roots)
You feel a surge of power!
The fireball explodes!
The fireball engulfs the six-headed hydra!
The six-headed hydra is heavily wounded.
The fireball engulfs the cyclops!!!
The cyclops is burned terribly!
You kill the cyclops!
Sif Muna accepts your kill.
The fireball engulfs the two-headed ogre!!
The two-headed ogre is heavily wounded.
The grasping roots constrict the six-headed hydra!
The roots release their grip on the six-headed hydra.
Casting: Fireball (dangerous; 6% risk of failure)
Confirm with . or Enter, or press ? or * to list all spells.
Aiming: Fireball (dangerous; 6% risk of failure)
Press: ? - help, Shift-Dir - straight line, p - six-headed hydra You feel a surge of power!
The fireball explodes!
The fireball engulfs the six-headed hydra!!
The six-headed hydra is almost dead.
You hear a shout!
The six-headed hydra bites you!
* * * LOW HITPOINT WARNING * * *
The six-headed hydra bites you!
* * * LOW HITPOINT WARNING * * *
The six-headed hydra bites you!
You die...

####...............#
#.#+##.....[....#
####.#).####.......##
.....#(....###......#
######.......##.....#
#(.#(....#.....##
######..###...##.....#
#....#..# ##†..#.....##
#.##.#..#####..#@.....###
..>..#..#......##D...[..##
#..###..#..D....#O(...[..+
#..# #..#..####.'........#
#..# #..#..# ####....)..#
#..# #..#..# ###.(....#
#..# #..#..#... ##.[...#
#..###..#.D#c.# #.....#
#....#..#..#.D# ##.....


You could see a six-headed hydra and a two-headed ogre.

Vanquished Creatures
  A boulder beetle (D:11)
  A two-headed ogre (D:10)
  The ghost of Opifex the Markskobold, a novice KoHu of Jiyva (D:8)
  An ugly thing (D:11)
  5 cyclopes (D:11)
  A gargoyle (D:10)
  An unseen horror (D:11)
  2 komodo dragons (D:11)
  3 trolls
  3 shadows
  2 wyverns
  A wraith (D:11)
  19 yaks
  A steam dragon (D:8)
  2 water moccasins
  11 orc warriors
  An ice beast (D:7)
  A sky beast (D:8)
  An ogre (D:6)
  4 centaurs
  9 kobold brigands
  3 bullfrogs
  3 scorpions
  4 wights (D:8)
  24 killer bees
  A howler monkey (D:5)
  5 hounds
  A sleepcap (D:4)
  5 orc priests
  3 jellies (D:6)
  5 iguanas
  9 orc wizards
  4 adders
  9 gnolls
  A dart slug (D:2)
  50 orcs
  6 ball pythons
  8 endoplasms
  9 giant cockroaches
  11 goblins
  7 hobgoblins
  9 jackals
  5 quokkas
  4 bats
  3 frilled lizards
  26 kobolds
  3 rats
289 creatures vanquished.

Vanquished Creatures (collateral kills)
  A kobold (Sewer)
  5 foxfires
6 creatures vanquished.

Vanquished Creatures (others)
  846 foxfires
846 creatures vanquished.

Grand Total: 1141 creatures vanquished

Notes
Turn   | Place    | Note
-------+----------+-------------------------------------------
     0 | D:1      | Conn the Octopode Fire Elementalist began the quest for the
                  | Orb.
     0 | D:1      | Reached XP level 1. HP: 11/11 MP: 3/3
   204 | D:1      | Reached XP level 2. HP: 17/17 MP: 0/5
  1361 | D:2      | Reached XP level 3. HP: 21/21 MP: 1/6
  1445 | D:2      | Learned a level 2 spell: Scorch
  1449 | D:2      | Learned a level 3 spell: Inner Flame
  2037 | D:3      | Found a glowing drain.
  2054 | Sewer    | Entered a sewer
  2346 | Sewer    | Reached XP level 4. HP: 27/27 MP: 2/7
  2458 | Sewer    | Noticed a kobold brigand
  2458 | Sewer    | Noticed a kobold brigand
  2464 | Sewer    | Killed a kobold brigand
  2465 | Sewer    | Reached skill level 2 in Conjurations
  2465 | Sewer    | Reached XP level 5. HP: 31/31 MP: 1/9
  2622 | Sewer    | Noticed a kobold brigand
  2635 | Sewer    | Killed a kobold brigand
  2715 | Sewer    | Killed a kobold brigand
  2716 | Sewer    | Reached XP level 6. HP: 36/36 MP: 3/10
  3898 | D:3      | Learned a level 4 spell: Flame Wave
  3900 | D:3      | Learned a level 1 spell: Summon Small Mammal
  3931 | D:4      | Noticed a water moccasin
  3937 | D:4      | Killed a water moccasin
  3938 | D:4      | Reached skill level 3 in Conjurations
  4089 | D:4      | Reached XP level 7. HP: 42/42 MP: 7/12
  4232 | D:5      | Entered Level 5 of the Dungeon
  4284 | D:5      | Reached skill level 5 in Stealth
  4302 | D:5      | Reached skill level 1 in Fighting
  4375 | D:5      | Reached skill level 1 in Summonings
  5264 | D:4      | Found Peizxiyl's Jewellery Boutique.
  5384 | D:5      | Reached skill level 4 in Conjurations
  5384 | D:5      | Reached XP level 8. HP: 50/50 MP: 9/14
  6499 | D:5      | Found a stormy altar of Qazlal.
  6500 | D:5      | Found a hide-covered altar of Uskayaw.
  6580 | D:5      | Found a snail-covered altar of Cheibriados.
  7309 | D:6      | Found a staircase to the Ecumenical Temple.
  7317 | D:6      | Reached skill level 5 in Conjurations
  7320 | D:6      | Reached skill level 5 in Fire Magic
  7322 | D:6      | Reached skill level 5 in Spellcasting
  7332 | Temple   | Entered the Ecumenical Temple
  7514 | Temple   | Became a worshipper of Sif Muna the Loreminder
  7529 | Temple   | Learned a level 5 spell: Fireball
  7884 | D:6      | Found an iron altar of Okawaru.
  8097 | D:7      | Reached skill level 1 in Invocations
  8307 | D:7      | Reached XP level 9. HP: 18/56 MP: 1/16
  8391 | D:7      | Found a flagged portal.
  8402 | Bailey   | Entered a bailey
  8789 | Bailey   | Reached skill level 5 in Dodging
  8911 | Bailey   | Found a bloodstained altar of Trog.
  9325 | D:7      | Reached skill level 6 in Conjurations
  9640 | D:8      | Found Baotz's Distillery.
  9648 | D:8      | Bought a potion of curing for 36 gold pieces
  9648 | D:8      | Bought a potion of heal wounds for 60 gold pieces
  9805 | D:8      | Found a large runed translucent door.
  9805 | D:8      | Found a large runed translucent door.
  9844 | D:8      | Noticed Opifex's ghost (novice KoHu)
  9889 | D:8      | Killed Opifex's ghost
  9890 | D:8      | Reached XP level 10. HP: 56/63 MP: 4/19
 10271 | D:8      | Learned a level 6 spell: Starburst
 10278 | D:8      | Reached * piety under Sif Muna
 10279 | D:8      | Reached skill level 5 in Invocations
 10485 | D:8      | Found an opulent altar of Gozag.
 10587 | D:8      | Reached skill level 7 in Conjurations
 11032 | D:9      | Reached skill level 1 in Hexes
 11165 | D:9      | Found a white marble altar of Elyvilon.
 11402 | D:9      | Found a staircase to the Orcish Mines.
 11422 | D:9      | Found a bloodstained altar of Trog.
 11422 | D:9      | Found a radiant altar of Vehumet.
 11466 | D:9      | Found Raumenar's Antique Armour Shop.
 11500 | D:9      | Reached ** piety under Sif Muna
 12335 | D:9      | Found a burning altar of Makhleb.
 12429 | D:10     | Entered Level 10 of the Dungeon
 12652 | D:10     | Found a runed translucent door.
 12652 | D:10     | Found a shimmering altar of Xom.
 12652 | D:10     | Noticed GreedOfGod's ghost (journeyman DsFE)
 12653 | D:10     | Noticed a +1 mace of chaos
 12674 | D:10     | Reached XP level 11. HP: 17/70 MP: 1/21
 12906 | D:10     | Reached skill level 5 in Fighting
 12911 | D:10     | Noticed a two-headed ogre
 12931 | D:10     | Killed a two-headed ogre
 12932 | D:10     | Reached skill level 8 in Conjurations
 13986 | D:11     | Found a staircase to the Lair.
 14016 | D:11     | Noticed a boulder beetle
 14070 | D:11     | Killed a boulder beetle
 14404 | D:11     | Noticed a cyclops
 14412 | D:11     | Killed a cyclops
 14610 | D:11     | Noticed a cyan ugly thing
 14628 | D:11     | Reached *** piety under Sif Muna
 14650 | D:11     | Killed a cyan ugly thing
 14910 | D:11     | Noticed a cyclops
 14916 | D:11     | Killed a cyclops
 14917 | D:11     | Reached XP level 12. HP: 78/78 MP: 15/24
 14941 | D:11     | Reached skill level 9 in Conjurations
 15137 | D:11     | Noticed a two-headed ogre
 15137 | D:11     | Noticed a six-headed hydra
 15155 | D:11     | Noticed a two-headed ogre
 15168 | D:11     | Identified a scroll of acquirement
 15168 | D:11     | Acquired the ring of the Fiend {rPois rC+ Will+ MP+9}
 15173 | D:11     | Slain by a six-headed hydra

Illustrated notes

Levels and vault maps discovered:
D:1:      psy_arrival_radial02, layout_loops_ring
D:2:      layout_loops_cross, serial_forest, infiniplex_forest_lined_3,
          infiniplex_forest_zigzag_1, infiniplex_forest_lined_ring,
          infiniplex_forest_end_2, infiniplex_forest_clump_C,
          infiniplex_forest_diagonal, infiniplex_forest_clump_double,
          infiniplex_forest_straight_1, infiniplex_forest_lined_room_3,
          infiniplex_forest_straight_3, minmay_worlds_worst_comb
D:3:      layout_basic, cheibrodos_sewer_entry_drain, nicolae_titane
D:4:      layout_loops_cross, serial_shops, nicolae_shop_gaudy_bauble
D:5:      layout_layer_cave, mainiacjoe_overflow_divided_tiny,
          kennysheep_mini_moat
D:6:      layout_loops_ring, mainiacjoe_overflow_surrounded_room,
          minmay_temple_entry_waves
D:7:      layout_loops_ring, enter_bailey_4
D:8:      layout_cave_pods, lemuel_crystal_altar, serial_shops, shop,
          ebering_ghost_disaster_area
D:9:      layout_loops_corners, mainiacjoe_overflow_brackets,
          mainiacjoe_overflow_alcove_1, gammafunk_temple_overflow_elements,
          hiddenorc1_lemuel, serial_shops, shop_fountains,
          kennysheep_big_empty_room
D:10:     layout_irregular_city, ebering_ghost_xom, grunt_ministairs_2
D:11:     minmay_quarter_circles, layout_basic, lair_entry_dummy,
          minmay_misc_feat_pillars
Temple:   nicolae_temple_ecumenical_triangle

Skill      XL: |  1  2  3  4  5  6  7  8  9 10 11 12 |
---------------+-------------------------------------+-----
Stealth        | 3 4 5 |  5.0
Conjurations   | 2 3 4 5 6 7 8 9 |  9.1
Dodging        | 3 4 5 6 7 |  7.1
Spellcasting   | 3 4 5 6 7 8 |  8.6
Fire Magic     | 4 5 6 7 |  7.3
Fighting       | 1 3 4 5 6 |  6.1
Summonings     | 1 2 3 |  3.0
Invocations    | 1 4 6 7 8 |  8.2
Hexes          | 2 3 |  3.0

Action                     |  1- 3 |  4- 6 |  7- 9 | 10-12 || total
---------------------------+-------+-------+-------+-------++-------
  Melee: Dagger            |    24 |    14 |     2 |       ||    40
         Unarmed           |     1 |       |       |       ||     1
         Tentacles         |     4 |     3 |    10 |     7 ||    24
         Constrict         |     3 |     4 |     6 |     6 ||    19
         Staff             |       |       |    25 |    24 ||    49
         Punch             |       |       |     1 |       ||     1
  Throw: Dart              |       |       |     2 |     9 ||    11
   Cast: Foxfire           |    61 |    71 |   181 |   169 ||   482
         Scorch            |       |     3 |    47 |    52 ||   102
         Summon Small Mamm |       |       |    12 |     5 ||    17
         Inner Flame       |       |       |     9 |    11 ||    20
         Flame Wave        |       |       |     7 |    24 ||    31
         Fireball          |       |       |       |     2 ||     2
  Evoke: Wand              |       |     1 |       |     1 ||     2
    Use: Scroll            |       |       |    13 |     2 ||    15
         Potion            |       |       |     5 |       ||     5
   Stab: Sleeping          |     5 |     1 |     2 |       ||     8
 Armour: Skin              |    15 |     5 |    44 |    56 ||   120
  Dodge: Dodged            |    27 |    18 |    54 |    70 ||   169

Table legend: (Time is in decaauts)
 A = Elapsed time spent in this place.
 B = Non-inter-level travel time spent in this place.
 C = Inter-level travel time spent in this place.
 D = Time resting spent in this place.
 E = Time spent auto-exploring this place.
 F = Levels seen in this place.
 G = Mean time per level.
                   A        B        C        D        E       F      G
               +--------+--------+--------+--------+--------+-----+--------+
         Total |  15177 |  15022 |    155 |   1666 |  10213 |  14 | 1084.1 |
       Dungeon |  13640 |  13485 |    155 |   1124 |   9706 |  11 | 1240.0 |
        Temple |    197 |    197 |      0 |    169 |      0 |   1 |  197.0 |
         Sewer |    770 |    770 |      0 |     49 |    507 |   1 |  770.0 |
        Bailey |    569 |    569 |      0 |    324 |      0 |   1 |  569.0 |
               +--------+--------+--------+--------+--------+-----+--------+

Top non-repeatable levels by time:
     D:5: 1923 daAuts
     D:9: 1447 daAuts
    D:10: 1400 daAuts
     D:8: 1368 daAuts
    D:11: 1346 daAuts
     D:3: 1199 daAuts
     D:4: 1076 daAuts
     D:1: 987 daAuts
     D:6: 978 daAuts
     D:7: 967 daAuts
     D:2: 946 daAuts
   Sewer: 770 daAuts
  Bailey: 569 daAuts
  Temple: 197 daAuts
